 Dungeon Crawl Stone Soup version 0.28.0-45-g0d030f2227 (webtiles) character file.

Game seed: 12686260732257024601

55042 MisterFreud the Black Belt (level 12, -8/112 HPs)
             Began as a Red Draconian Transmuter on Apr 25, 2022.
             Was the Champion of Ru.
             Mangled by Agnes
             ... wielding a +0 lajatang
              (35 damage)
             ... on level 14 of the Dungeon.
             The game lasted 00:37:06 (27797 turns).

MisterFreud the Black Belt (DrTm)                  Turns: 27797, Time: 00:37:06

Health: -8/112     AC: 12    Str: 14    XL:     12   Next: 36%
Magic:  15/19      EV: 16    Int: 19    God:    Ru [******]
Gold:   1367       SH:  0    Dex: 14    Spells: 2/21 levels left

rFire   + . .      SeeInvis .     - Unarmed
rCold   + + .      Faith    .   (shield currently unavailable)
rNeg    . . .      Spirit   .   (armour unavailable)
rPois   +          Reflect  .   g - +1 hat
rElec   .          Harm     .   c - scarf {rC+ rF+}
rCorr   +          Rampage  .   (gloves currently unavailable)
Will    .....                   F - +2 pair of boots
Stlth   ..........              l - amulet of the acrobat
HPRegen 0.00/turn               y - ring of Discretion {Wiz rPois rCorr Int+4}
MPRegen 0.16/turn               z - ring of ice

@: blade hands, inhibited regen, studying Axes
A: breathe fire, AC +8, unfitting armour, fire resistance 1, inhibited
regeneration, cold-blooded, no stealth, inability to use devices, hated by all,
inexperienced 1
a: Breathe Fire, End Transformation, Renounce Religion, Draw Out Power, Power
Leap, Apocalypse


You were on level 14 of the Dungeon.
You worshipped Ru.
Ru was exalted by your worship.
You had blades for hands.
You visited 3 branches of the dungeon, and saw 21 of its levels.

You collected 1427 gold pieces.
You spent 60 gold pieces at shops.

Inventory:

Missiles
 e - 37 poisoned darts
 o - 3 silver boomerangs
 s - 6 boomerangs
 B - a curare-tipped dart
Armour
 c - a scarf of resistance (worn)
 g - a +1 hat (worn)
 p - a +0 pair of gloves (melded)
 w - a +1 cloak
 F - a +2 pair of boots (worn)
Jewellery
 l - an amulet of the acrobat (around neck)
 y - the ring of Discretion (left blade hand) {Wiz rPois rCorr Int+4}
   (You found it on level 10 of the Dungeon)

   [ring of wizardry]

   It improves your spell success rate.
   Int:       It affects your intelligence (+4).
   rPois:     It protects you from poison.
   rCorr:     It protects you from acid and corrosion.
 z - a ring of ice (right blade hand)
 D - an amulet of guardian spirit
Scrolls
 d - a scroll of enchant armour
 h - 5 scrolls of blinking
 m - 3 scrolls of amnesia
 q - 7 scrolls of teleportation
 r - 2 scrolls of magic mapping
 u - 3 scrolls of fog
 A - a scroll of silence {unknown}
 C - 3 scrolls of identify
 E - a scroll of enchant weapon {unknown}
Potions
 a - a potion of attraction
 b - a potion of berserk rage
 f - 2 potions of cancellation
 i - 4 potions of mutation
 j - 2 potions of flight
 k - a potion of brilliance
 n - 3 potions of heal wounds
 t - 4 potions of might
 v - 2 potions of lignification
 x - 5 potions of curing


   Skills:
 - Level 12.0 Fighting
 - Level 10.0 Dodging
 + Level 15.9 Unarmed Combat
 - Level 5.0 Spellcasting
 - Level 4.0 Conjurations
 - Level 12.0 Transmutations
 - Level 2.0 Ice Magic
   Level 0.0 Evocations


You had 2 spell levels left.
You knew the following spells:

 Your Spells              Type           Power      Damage    Failure   Level
a - Blade Hands           Tmut           25%        N/A       10%         5
b - Wereblood             Tmut           50%        N/A       3%          2
c - Spider Form           Tmut/Pois      27%        N/A       11%         3
d - Ice Form              Ice/Tmut       47%        N/A       16%         4
e - Irradiate             Conj/Tmut      17%        3d19      24%         5

Your spell library contained the following spells:

 Spells                   Type           Power      Damage    Failure   Level
 Beastly Appendage        Tmut           100%       N/A       2%          1
 Freeze                   Ice            72%        1d9       14%         1
 Apportation              Tloc           8%         N/A       22%         1
 Slow                     Hex            16%        N/A       22%         1
 Sublimation of Blood     Necr           4%         N/A       30%         2
 Petrify                  Tmut/Erth      27%        N/A       21%         4
 Frozen Ramparts          Ice            36%        1d5       26%         3
 Ozocubu's Armour         Ice            18%        N/A       26%         3
 Alistair's Intoxication  Tmut/Pois      18%        N/A       38%         5
 Yara's Violent Unravell  Hex/Tmut       13%        3d7       38%         5
 Hailstorm                Conj/Ice       24%        3d7       43%         4
 Confusing Touch          Hex            4%         N/A       45%         3
 Vampiric Draining        Necr           4%         2d6       45%         3
 Eringya's Noxious Bog    Tmut/Pois      13%        N/A       82%         6
 Metabolic Englaciation   Hex/Ice        6%         N/A       88%         5
 Iron Shot                Conj/Erth      6%         9d2       99%         6
 Dispersal                Tloc           2%         N/A       100%        6
 Enfeeble                 Hex            2%         N/A       100%        7
 Disjunction              Tloc           2%         N/A       100%        8
 Summon Small Mammal      Summ           Unusable   N/A       N/A         1
 Call Canine Familiar     Summ           Unusable   N/A       N/A         3
 Summon Guardian Golem    Hex/Summ       Unusable   N/A       N/A         3
 Animate Armour           Summ/Erth      Unusable   N/A       N/A         4
 Summon Forest            Summ/Tloc      Unusable   N/A       N/A         5
 Simulacrum               Ice/Necr       Unusable   N/A       N/A         6
 Summon Hydra             Summ           Unusable   N/A       N/A         7

Dungeon Overview and Level Annotations

Branches:
Dungeon (14/15)            Temple (1/1) D:6            Lair (6/6) D:11
 Shoals (0/4) Lair:3       Spider (0/4) Lair:2        Slime (0/5) Lair:5
    Orc (0/2) D:11         Vaults (0/5) D:13

Altars:
Dithmenos
Qazlal
Ru
Uskayaw
Wu Jian
Xom
The Shining One
Beogh
Jiyva

Shops:
D:4 ?   D:14 [

Annotations:
D:13 Rupert
D:14 Agnes
Lair:4 3 runed translucent doors, Murgh's ghost, journeyman MiBe


Innate Abilities, Weirdness & Mutations

You have blades for hands.
Your spellcasting is less reliable in this form.
You are incapable of wielding weapons or throwing items.
You can breathe blasts of fire.
Your fiery red scales are hard. (AC +8)
You cannot fit into any form of body armour.
Your flesh is heat resistant. (rF+)
You do not regenerate when monsters are visible.
You are cold-blooded and may be slowed by cold attacks.
You cannot be stealthy.
You cannot study or use magical devices.
You are hated by all.
You are somewhat inexperienced. (-2 XL)


Message History

Found 12 bolts.
Agnes the Wanderer comes into view.
She is wielding a +0 lajatang.
Agnes shouts!
Agnes is nearby!
Agnes says, "You dishonour your ancestors."
Casting: Blade Hands (mildly dangerous; 1% risk of failure)
Confirm with . or Enter, or press ? or * to list all spells.
Your hands turn into razor-sharp scythe blades.
Your +0 pair of gloves melds into your body.
Agnes is stunned by your conviction and fails to attack.
You miss Agnes.
Your tail-slap misses Agnes.
Agnes hits you with a +0 lajatang!! Agnes closely misses you.
You slice Agnes!!
Agnes is moderately wounded.
Agnes hits you with a +0 lajatang!!
You miss Agnes.
Agnes is moderately wounded.
Agnes completely misses you.
You completely miss Agnes.
Agnes is moderately wounded.
Agnes says, "You will find the Path of Peace easy to follow, in death."
Agnes hits you with a +0 lajatang!
You closely miss Agnes.
Agnes is moderately wounded.
You redirect Agnes's attack!
Agnes hits herself with a +0 lajatang!
Agnes hits you with a +0 lajatang!!
* * * LOW HITPOINT WARNING * * *
You barely miss Agnes.
Agnes is moderately wounded.
Agnes mutters, "I could really go for a good breadfruit right now."
You redirect Agnes's attack!
Agnes hits herself with a +0 lajatang!
You catch the helpless Agnes completely off-guard!
You shred Agnes!!!
Agnes is almost dead.
Agnes closely misses you.
You barely miss Agnes.
Agnes is almost dead.
Agnes hits you with a +0 lajatang!!
You die...

#... #... #.... #....
#....############
##....i@..........
.........(......#
........(.......# #..
................# §§#...
................#
§§#..#######.######......#
§§#..#.....#.# #......#
###..#.....#.# #......#
.....#.....#.# #......#


You could see Agnes.

Vanquished Creatures
  Gastronok (Lair:2)
  Nessos (Lair:6)
  6 hydras
  Harold (Lair:2)
  2 boulder beetles
  Fannar (D:10)
  4 catoblepae
  A centaur warrior (D:13)
  A death knight (D:12)
  8 death yaks (Lair:6)
  4 two-headed ogres
  An orc knight (D:13)
  2 lindwurms
  4 cyclopes
  3 manticores
  Maurice (D:10)
  Joseph (D:9)
  4 black mambas
  A torpor snail (Lair:6)
  A gargoyle (D:11)
  An unseen horror (D:12)
  18 cane toads
  Psyche (D:10)
  Maggie (D:10)
  5 komodo dragons
  6 trolls
  A hornet (D:8)
  Prince Ribbit (D:9)
  3 polar bears
  17 blink frogs
  4 dream sheep (Lair:6)
  3 shadows
  A centaur simulacrum (D:11)
  2 wyverns (Lair:4)
  2 wraiths
  31 yaks
  12 humans
  3 basilisks
  A steam dragon (D:5)
  10 vampire mosquitoes
  12 water moccasins
  3 acid dragons
  5 ice beasts
  7 orc warriors
  2 sky beasts (D:5)
  3 necrophages
  3 ogres
  7 wolves
  2 kobold brigands
  12 bullfrogs
  2 scorpions
  2 water moccasin zombies
  A hornet simulacrum (D:14)
  A water moccasin skeleton (D:4)
  5 killer bees (D:8)
  6 wights
  3 electric eels
  5 howler monkeys
  4 centaur zombies
  2 bullfrog zombies
  2 bullfrog skeletons
  9 orc priests
  2 hounds
  3 jellies
  A centaur skeleton (D:6)
  Crazy Yiuf (D:5)
  3 iguanas (D:5)
  9 orc wizards
  A hound skeleton (D:5)
  3 gnolls (D:5)
  A howler monkey skeleton (D:7)
  6 adders
  A shadow imp (D:6)
  2 white imps (D:11)
  2 ufetubi
  3 dart slugs
  61 orcs
  6 ball pythons
  5 bats
  9 endoplasms
  4 giant cockroaches
  7 goblins
  8 hobgoblins
  4 jackals (D:5)
  13 kobolds
  A quokka (D:3)
  4 frilled lizards
  3 rats
432 creatures vanquished.

Vanquished Creatures (others)
  A tengu warrior (D:13)
  A komodo dragon (Lair:1)
  A human (D:13)
  Grum (D:11)
  A vampire mosquito (D:14)
  An orc warrior (D:9)
  15 fungi
  13 plants
34 creatures vanquished.

Grand Total: 466 creatures vanquished

Notes
Turn   | Place    | Note
-------+----------+-------------------------------------------
     0 | D:1      | MisterFreud the Draconian Transmuter began the quest for
                  | the Orb.
     0 | D:1      | Reached XP level 1. HP: 16/16 MP: 3/3
   346 | D:1      | Reached XP level 2. HP: 23/23 MP: 3/5
  1077 | D:1      | Learned a level 2 spell: Wereblood
  1113 | D:2      | Found an ornate altar of the Wu Jian Council.
  1149 | D:2      | Reached XP level 3. HP: 28/28 MP: 4/6
  1153 | D:2      | Learned a level 3 spell: Spider Form
  1382 | D:2      | Found a faded altar of an unknown god.
  2165 | D:3      | Reached XP level 4. HP: 35/35 MP: 5/7
  2723 | D:3      | Reached skill level 5 in Transmutations
  3167 | D:4      | Reached XP level 5. HP: 31/41 MP: 6/8
  3408 | D:4      | Noticed a necrophage
  3423 | D:4      | Killed a necrophage
  3432 | D:4      | Reached skill level 4 in Unarmed Combat
  3576 | D:4      | Reached XP level 6. HP: 16/51 MP: 6/9
  3807 | D:4      | Found Lushel's Magic Scroll Shop.
  3842 | D:5      | Entered Level 5 of the Dungeon
  4261 | D:5      | Noticed a steam dragon
  4408 | D:4      | Reached skill level 5 in Unarmed Combat
  4408 | D:4      | Your scales start taking on a fiery red colour.
  4408 | D:4      | Reached XP level 7. HP: 41/60 MP: 5/10
  4408 | D:4      | Gained mutation: Your flesh is heat resistant. (rF+) [Red
                  | Draconian growth]
  4620 | D:4      | Bought a scroll of teleportation for 36 gold pieces
  4620 | D:4      | Bought a scroll of fog for 24 gold pieces
  4876 | D:4      | Reached skill level 5 in Fighting
  5087 | D:5      | Found a runed translucent door.
  5088 | D:5      | Noticed Crazy Yiuf
  5167 | D:5      | Killed a steam dragon
  5168 | D:5      | Reached skill level 6 in Unarmed Combat
  5173 | D:5      | Learned a level 4 spell: Ice Form
  5464 | D:5      | Reached XP level 8. HP: 59/68 MP: 8/11
  5724 | D:5      | Reached skill level 5 in Dodging
  6108 | D:5      | Killed Crazy Yiuf
  6214 | D:5      | Reached skill level 1 in Ice Magic
  6587 | D:6      | Noticed a cyclops
  6841 | D:6      | Found a staircase to the Ecumenical Temple.
  6850 | Temple   | Entered the Ecumenical Temple
  6863 | Temple   | Became a worshipper of Ru the Awakened
  6979 | D:6      | Reached XP level 9. HP: 65/74 MP: 4/12
  7419 | D:7      | Identified the +2 scale mail of the Loofah {-Tele Str+6}
  8075 | D:7      | Gained mutation: You are hated by all. [Ru sacrifice]
  8075 | D:7      | Reached * piety under Ru
  8075 | D:7      | Reached ** piety under Ru
  9045 | D:8      | Paralysed by a hornet for 3 turns
 10008 | D:9      | Identified the +3 war axe "Liexoch" {vorpal, Dex+3}
 10014 | D:9      | Found a flagged portal.
 10051 | D:9      | You fall into a shaft and drop 1 floor!
 10051 | D:10     | Entered Level 10 of the Dungeon
 10065 | D:10     | Found a shadowy altar of Dithmenos.
 10085 | D:10     | Noticed Maggie
 10100 | D:10     | Killed Maggie
 10101 | D:10     | Reached skill level 7 in Unarmed Combat
 10179 | D:10     | Noticed Fannar
 10194 | D:10     | Killed Fannar
 10195 | D:10     | Reached XP level 10. HP: 25/84 MP: 12/16
 10219 | D:10     | Noticed Maurice
 10234 | D:10     | Paralysed by Maurice for 5 turns
 10241 | D:10     | Noticed a two-headed ogre
 10242 | D:10     | Killed Maurice
 10246 | D:10     | Killed a two-headed ogre
 10598 | D:11     | Noticed a gargoyle
 10615 | D:11     | Killed a gargoyle
 10616 | D:11     | Reached skill level 8 in Unarmed Combat
 10648 | D:11     | Noticed Grum
 10673 | D:11     | Killed Grum
 11297 | D:11     | Reached skill level 9 in Unarmed Combat
 11378 | D:11     | Gained mutation: You are somewhat inexperienced. (-2 XL)
                  | [Ru sacrifice]
 11378 | D:11     | Reached XP level 9. HP: 92/97 MP: 13/15
 11378 | D:11     | Reached XP level 8. HP: 88/88 MP: 13/14
 11378 | D:11     | Reached *** piety under Ru
 11537 | D:11     | Found a staircase to the Lair.
 11547 | D:11     | Noticed a cyclops
 11555 | D:11     | Killed a cyclops
 11556 | D:11     | Reached XP level 9. HP: 70/81 MP: 10/15
 11681 | D:11     | Reached skill level 10 in Unarmed Combat
 12201 | D:10     | Noticed Psyche
 12215 | D:10     | Killed Psyche
 12229 | D:10     | Identified the ring of Discretion {Wiz rPois rCorr Int+4}
 12677 | D:9      | Noticed Joseph
 12735 | D:9      | Killed Joseph
 12736 | D:9      | Reached skill level 11 in Unarmed Combat
 13429 | D:9      | Noticed Prince Ribbit
 13433 | D:9      | Killed Prince Ribbit
 13599 | D:9      | Reached skill level 12 in Unarmed Combat
 14068 | D:9      | Noticed a two-headed ogre
 14081 | D:9      | Killed a two-headed ogre
 14239 | D:9      | Gained mutation: You cannot be stealthy. [Ru sacrifice]
 14239 | D:9      | Reached **** piety under Ru
 15003 | D:11     | Found a staircase to the Orcish Mines.
 15302 | Lair:1   | Entered Level 1 of the Lair of Beasts
 15302 | Lair:1   | Noticed a four-headed hydra
 15313 | Lair:1   | Killed a four-headed hydra
 15777 | Lair:1   | Reached XP level 10. HP: 92/92 MP: 16/16
 15987 | Lair:1   | You fall into a shaft and drop 1 floor!
 16004 | Lair:2   | Reached skill level 10 in Fighting
 16167 | Lair:2   | Found a hole to the Spider Nest.
 16510 | Lair:1   | Reached skill level 10 in Dodging
 16681 | Lair:1   | Gained mutation: You cannot study or use magical devices.
                  | [Ru sacrifice]
 16681 | Lair:1   | Reached ***** piety under Ru
 17463 | Lair:2   | Noticed Harold
 17475 | Lair:2   | Killed Harold
 17540 | Lair:2   | Noticed Gastronok
 17556 | Lair:2   | Killed Gastronok
 17557 | Lair:2   | Reached skill level 13 in Unarmed Combat
 17647 | Lair:2   | Noticed a four-headed hydra
 17656 | Lair:2   | Killed a four-headed hydra
 17993 | Lair:3   | Noticed a six-headed hydra
 18001 | Lair:3   | Killed a six-headed hydra
 18235 | Lair:3   | Noticed a catoblepas
 18243 | Lair:3   | Reached skill level 14 in Unarmed Combat
 18258 | Lair:3   | Killed a catoblepas
 18768 | Lair:3   | Gained mutation: You do not regenerate when monsters are
                  | visible. [Ru sacrifice]
 18768 | Lair:3   | Reached ****** piety under Ru
 19194 | Lair:3   | Found a staircase to the Shoals.
 19428 | Lair:4   | Reached skill level 15 in Unarmed Combat
 19730 | Lair:4   | Reached XP level 11. HP: 100/100 MP: 12/17
 19866 | Lair:4   | Learned a level 5 spell: Irradiate
 19874 | Lair:4   | Found a runed translucent gate.
 19899 | Lair:4   | Found a runed translucent gate.
 19947 | Lair:4   | Noticed Murgh's ghost (journeyman MiBe)
 20116 | Lair:4   | Reached skill level 1 in Conjurations
 20466 | Lair:4   | Found a runed translucent gate.
 21409 | Lair:5   | Found a staircase to the Slime Pits.
 22060 | Lair:6   | Entered Level 6 of the Lair of Beasts
 22824 | Lair:6   | Reached skill level 5 in Spellcasting
 23145 | Lair:5   | Learned a level 5 spell: Blade Hands
 23497 | Lair:6   | Noticed Nessos
 23509 | Lair:6   | Killed Nessos
 23972 | Lair:6   | Reached skill level 10 in Transmutations
 24715 | Lair:6   | Reached XP level 12. HP: 72/112 MP: 15/19
 24881 | Lair:6   | Identified the +6 quarterstaff "Nuogh" {speed, *Rage rN+
                  | rCorr Dex+5}
 25346 | Lair:6   | Identified the +4 whip of Wyves {antimagic, Will+}
 26583 | D:13     | Noticed Rupert
 26583 | D:13     | Found a gate to the Vaults.
 27598 | D:14     | Found a stormy altar of Qazlal.
 27599 | D:14     | Found Yntuh's Antique Armour Shoppe.
 27786 | D:14     | Noticed Agnes
 27797 | D:14     | Mangled by Agnes

Illustrated notes

Levels and vault maps discovered:
D:1:      mainiacjoe_arrival_reflecting_pool, layout_basic, minmay_hexomino_u4
D:2:      layout_rooms, ebering_ecumenical_altar_box, basic_altar,
          kennysheep_minor_cross
D:3:      layout_basic
D:4:      layout_basic, serial_shops, shop_scrolls
D:5:      layout_rooms, uniq_crazy_yiuf_cottage
D:6:      layout_basic, temple_statues
D:7:      layout_layer_cave
D:8:      layout_loops_corners, minmay_misc_feat_hallway
D:9:      layout_roguey [special_room_orc], enter_bailey_5,
          kennysheep_small_circle, uniq_prince_ribbit1, uniq_joseph
D:10:     layout_roguey, nicolae_dithmenos_through_a_glass_darkly,
          kennysheep_generic_room_13, uniq_maurice, uniq_psyche, uniq_maggie,
          uniq_fannar
D:11:     layout_irregular_city, lair_entry_dummy, orc_0_dummy, serial_ice,
          serial_ice_e, serial_ice_h, serial_ice_i, serial_ice_m, uniq_grum
D:12:     layout_loops_ring
D:13:     layout_irregular_city, david_vaults_3
D:14:     layout_irregular_city, serial_shops, nicolae_shop_overgrown_old_shop,
          nicolae_qazlal_eye_of_the_storm, small_chamber_with_monster,
          lightli_corner_chamber, uniq_agnes
Temple:   nicolae_temple_the_god_donut
Lair:1:   layout_loops_ring, nicolae_quartered_pool_little
Lair:2:   layout_regular_city, spider_nest_entry_webs, lemuel_fruit_fields,
          uniq_harold, uniq_gastronok
Lair:3:   layout_roguey, elwin_shoals_entry_rooms, beast_lair_carwin_10
Lair:4:   layout_long_grid, gammafunk_ghost_icy, st_stairs_7,
          chequers_serial_rivers_marsh
Lair:5:   layout_big_grid, slime_altar_1
Lair:6:   evilmike_catoblepas_cave, layout_regular_city, uniq_nessos

Skill      XL: |  1  2  3  4  5  6  7  8  9 10 11 12 |
---------------+-------------------------------------+-----
Transmutations | 3 4 5 6 8 11 12 | 12.0
Fighting       | 3 4 5 9 10 12 | 12.0
Unarmed Combat | 4 5 6 12 15 | 15.9
Dodging        | 4 6 9 10 | 10.0
Ice Magic      | 2 |  2.0
Spellcasting   | 4 5 |  5.0
Conjurations   | 4 |  4.0

Action                   |  1- 3 |  4- 6 |  7- 9 | 10-12 || total
-------------------------+-------+-------+-------+-------++-------
Melee: Unarmed           |   116 |   138 |   630 |   570 ||  1454
       Kick              |    21 |    15 |     2 |       ||    38
       Punch             |     3 |       |     4 |    30 ||    37
       Headbutt          |     7 |     8 |     2 |       ||    17
       Tailslap          |     5 |     8 |    12 |    49 ||    74
 Cast: Beastly Appendage |    24 |    12 |     4 |       ||    40
       Spider Form       |       |     6 |    17 |     2 ||    25
       Wereblood         |       |     3 |     6 |     5 ||    14
       Ice Form          |       |       |    41 |    47 ||    88
       Blade Hands       |       |       |       |    34 ||    34
Invok: Sacrifice Experie |       |       |     1 |       ||     1
       Sacrifice Stealth |       |       |     1 |       ||     1
       Sacrifice Love    |       |       |     1 |       ||     1
       Sacrifice Purity  |       |       |       |     1 ||     1
       Sacrifice Artific |       |       |       |     1 ||     1
 Abil: End Transformatio |       |     1 |     1 |     3 ||     5
       Breathe Fire      |       |       |     3 |     4 ||     7
Evoke: Wand              |       |       |       |     1 ||     1
  Use: Scroll            |     4 |       |    10 |     4 ||    18
       Potion            |       |       |     1 |     2 ||     3
 Stab: Sleeping          |       |       |     2 |       ||     2
       Invisible         |       |       |     3 |     7 ||    10
       Paralysed         |       |       |       |     7 ||     7
       Petrifying        |       |       |       |     1 ||     1
       Petrified         |       |       |       |     1 ||     1
       Distracted        |       |       |       |     5 ||     5
Armor: Skin              |    32 |    22 |    97 |    88 ||   239
Dodge: Dodged            |    74 |    81 |   365 |   282 ||   802
